 Dungeon Crawl Stone Soup version 0.28.0-1-gb440e238dd (webtiles) character file.

Game seed: 10125064547758845935

82 Kaptain the Digger (level 4, 0/25 HPs)
             Began as a Gargoyle Earth Elementalist on Feb 24, 2022.
             Slain by a gnoll (2 damage)
             ... on level 2 of the Dungeon.
             The game lasted 00:03:01 (1775 turns).

Kaptain the Digger (Gargoyle Earth Elementalist)    Turns: 1775, Time: 00:03:01

Health: 0/25       AC:  5    Str: 11    XL:     4   Next: 43%
Magic:  1/7        EV: 12    Int: 18    God:
Gold:   37         SH:  0    Dex: 10    Spells: 4/8 levels left

rFire   . . .      SeeInvis .   f - +0 short sword
rCold   . . .      Faith    .   (no shield)
rNeg    + . .      Spirit   .   b - +0 robe
rPois   ∞          Reflect  .   (no helmet)
rElec   +          Harm     .   (no cloak)
rCorr   .          Rampage  .   (no gloves)
Will    .....                   (no boots)
Stlth   +.........              (no amulet)
HPRegen 0.08/turn               (no ring)
MPRegen 0.10/turn               (no ring)

@: lit by a corona, glowing
A: sickness immunity, AC +3, negative energy resistance 1, electricity
resistance, torment resistance 1, petrification resistance
a: no special abilities


You were on level 2 of the Dungeon.
You visited 1 branch of the dungeon, and saw 2 of its levels.

You collected 37 gold pieces.

Inventory:

Hand Weapons
 f - a +0 short sword (weapon)
Missiles
 c - 11 stones (quivered)
Armour
 b - a +0 robe (worn)
Scrolls
 a - a scroll of brand weapon {unknown}
 e - a scroll of fog {unknown}
 g - 2 scrolls of identify {unknown}
 h - a scroll of enchant weapon {unknown}
 i - a scroll of fear {unknown}
Potions
 d - a potion of might {unknown}
 j - a potion of curing {unknown}


   Skills:
 + Level 1.3 Fighting
 + Level 1.1 Armour
 + Level 1.8 Dodging
 + Level 2.5 Stealth
 * Level 2.5 Spellcasting
 * Level 1.5 Conjurations
 - Level 0.7 Transmutations
 * Level 4.2 Earth Magic


You had 4 spell levels left.
You knew the following spells:

 Your Spells              Type           Power      Damage    Failure   Level
a - Sandblast             Erth           34%        2d9       3%          1
b - Stone Arrow           Conj/Erth      24%        3d8       16%         3

Your spell library contained the following spells:

 Spells                   Type           Power      Damage    Failure   Level
 Passwall                 Tmut/Erth      9%         N/A       10%         2
 Petrify                  Tmut/Erth      11%        N/A       52%         4


Dungeon Overview and Level Annotations

Branches:
Dungeon (2/15)

Altars:


Innate Abilities, Weirdness & Mutations

You are immune to sickness and miasma.
Your stone body is resilient. (AC +3)
You are immune to poison.
You resist negative energy. (rN+)
You are resistant to electric shocks. (rElec)
You are resistant to unholy torment.
You are immune to petrification.


Message History

Aim: a gnoll shaman, wielding a +0 whip and wearing a +0 robe (almost dead, 82% to hit)
The blast of sand hits the gnoll shaman but does no damage.
The gnoll shaman is almost dead.
c - 14 stones
Casting: Sandblast (safe; 3% risk of failure)
Confirm with . or Enter, or press ? or * to list all spells.
Aiming: Sandblast (safe; 3% risk of failure)
Press: ? - help, Shift-Dir - straight line, f/p - gnoll shaman
Aim: a gnoll shaman, wielding a +0 whip and wearing a +0 robe (almost dead, 82% to hit)
The blast of sand hits the gnoll shaman.
You kill the gnoll shaman!
c - 13 stones You have reached level 4!
You feel clever.
Casting: Sandblast (safe; 3% risk of failure)
Confirm with . or Enter, or press ? or * to list all spells.
Aiming: Sandblast (safe; 3% risk of failure)
Press: ? - help, Shift-Dir - straight line, f - gnoll
Aim: a gnoll, wielding a +0 spear (fast, 82% to hit)
The blast of sand hits the gnoll.
The gnoll is heavily wounded.
c - 12 stones The gnoll hits you from afar with a +0 spear!
The gnoll hits you from afar with a +0 spear.
Casting: Sandblast (safe; 3% risk of failure)
Confirm with . or Enter, or press ? or * to list all spells.
Aiming: Sandblast (safe; 3% risk of failure)
Press: ? - help, Shift-Dir - straight line, f/p - gnoll
Aim: a gnoll, wielding a +0 spear (heavily wounded, fast, 82% to hit)
The blast of sand hits the gnoll.
The gnoll is severely wounded.
c - 11 stones The gnoll barely misses you.
The gnoll hits you from afar with a +0 spear.
The gnoll hits you from afar with a +0 spear.
* * * LOW HITPOINT WARNING * * *
The gnoll hits you from afar with a +0 spear.
* * * LOW HITPOINT WARNING * * *
The gnoll hits you from afar with a +0 spear.
You die...

#.#...............##
#........#######..#
########g# #..# ##
#g# #..# ... #)#
#.<# §§. #g# ##..##
.. #.# #.....
#.######.# #.####
#..@.g.g.# #.
########## #. #


You could see 2 gnolls.

Vanquished Creatures
  A gnoll shaman (D:2)
  A gnoll (D:2)
  An adder (D:2)
  3 endoplasms (D:1)
  4 giant cockroaches
  3 goblins (D:1)
  2 hobgoblins (D:1)
  5 kobolds (D:1)
  A quokka (D:1)
  A ball python (D:1)
  7 bats (D:1)
  3 frilled lizards (D:1)
  5 rats
37 creatures vanquished.

Notes
Turn   | Place    | Note
-------+----------+-------------------------------------------
     0 | D:1      | Kaptain the Gargoyle Earth Elementalist began the quest for
                  | the Orb.
     0 | D:1      | Reached XP level 1. HP: 10/10 MP: 3/3
   214 | D:1      | Reached XP level 2. HP: 15/15 MP: 3/5
   934 | D:1      | Reached XP level 3. HP: 18/20 MP: 3/6
   938 | D:1      | Learned a level 3 spell: Stone Arrow
  1075 | D:1      | Reached skill level 4 in Earth Magic
  1135 | D:1      | Reached skill level 1 in Fighting
  1470 | D:2      | Reached skill level 1 in Conjurations
  1752 | D:2      | Reached skill level 1 in Armour
  1767 | D:2      | Reached XP level 4. HP: 25/25 MP: 2/7
  1775 | D:2      | Slain by a gnoll

Illustrated notes

Levels and vault maps discovered:
D:1:      scummos_arrival_checkerplants, layout_loops_corners
D:2:      layout_loops_ring, serial_shops, nicolae_shop_statue_plus,
          lemuel_flame_loot_1

Skill      XL: |  1  2  3 |
---------------+----------+-----
Earth Magic    | 4 |  4.2
Fighting       | 1 |  1.3
Conjurations   | 1 |  1.5
Armour         | 1 |  1.1
Dodging        | |  1.8
Stealth        | |  2.5
Spellcasting   | |  2.5
Transmutations | |  0.7

Action                   |  1- 3 |  4- 6 || total
-------------------------+-------+-------++-------
Melee: Unarmed           |     1 |       ||     1
       Short sword       |    25 |       ||    25
       Punch             |     1 |       ||     1
 Cast: Sandblast         |    46 |     2 ||    48
Armor: Robe              |    14 |       ||    14
Dodge: Dodged            |    31 |     1 ||    32
